 Dungeon Crawl Stone Soup version 0.28.0-53-g5a82cb258f (webtiles) character file.

Game seed: 2522882299977116384

119 mcbry74 the Cudgeller (level 4, -2/40 HPs)
             Began as a Minotaur Fighter on June 29, 2022.
             Slain by a gnoll
             ... wielding a +0 flail
              (11 damage)
             ... on level 2 of the Dungeon.
             The game lasted 00:03:01 (1339 turns).

mcbry74 the Cudgeller (Minotaur Fighter)            Turns: 1339, Time: 00:03:01

Health: -2/40      AC:  7    Str: 20    XL:     4   Next: 74%
Magic:  3/3        EV:  9    Int:  7    God:
Gold:   83         SH:  4    Dex: 10    Spells: 3/3 levels left

rFire   . . .      SeeInvis .   a - +0 flail
rCold   . . .      Faith    .   c - +0 buckler
rNeg    . . .      Spirit   .   b - +0 scale mail
rPois   .          Reflect  .   (helmet restricted)
rElec   .          Harm     .   (no cloak)
rCorr   .          Rampage  .   (no gloves)
Will    .....                   (no boots)
Stlth   ..........              (no amulet)
HPRegen 0.13/turn               (no ring)
MPRegen 0.08/turn               (no ring)

@: lethally poisoned (-2 -> -5)
A: horns 2, retaliatory headbutt
a: no special abilities


You were on level 2 of the Dungeon.
You visited 1 branch of the dungeon, and saw 2 of its levels.

You collected 83 gold pieces.

Inventory:

Hand Weapons
 a - a +0 flail (weapon)
Missiles
 i - 2 poisoned darts (quivered)
Armour
 b - a +0 scale mail (worn)
 c - a +0 buckler (worn)
Scrolls
 e - 5 scrolls of identify {unknown}
 f - a scroll of blinking {unknown}
 g - a scroll of fear {unknown}
 h - a scroll of vulnerability {unknown}
Potions
 d - a potion of might


   Skills:
 - Level 4.0 Fighting
 + Level 5.3 Maces & Flails
 - Level 4.0 Armour
 - Level 4.0 Shields


You had 3 spell levels left.
You didn't know any spells.
Your spell library was empty.

Dungeon Overview and Level Annotations

Branches:
Dungeon (2/15)

Altars:


Innate Abilities, Weirdness & Mutations

You have a pair of horns on your head.
You reflexively headbutt those who attack you in melee.


Message History

The gnoll is severely wounded.
The gnoll hits you with a +0 spear.
You thump the gnoll!
You kill the gnoll!
The gnoll barely misses you.
The gnoll hits you from afar with a +0 halberd.
Your Maces & Flails skill increases to level 5!
The gnoll barely misses you. You furiously retaliate!
You headbutt the gnoll!
You see here a +0 spear.
You hit the gnoll.
You kill the gnoll!
You see here a +0 halberd.
A gnoll comes into view. It is wielding a +2 spear of venom.
The gnoll shouts!
You hear a shout!
The gnoll hits you but does no damage.
A gnoll comes into view. It is wielding a +0 flail.
The gnoll shouts!
You block the gnoll's attack.
You barely miss the gnoll. You headbutt the gnoll!
The gnoll is severely wounded.
The gnoll closely misses you. The gnoll hits you with a +0 flail.
You block the gnoll's attack.
You closely miss the gnoll. Your headbutt misses the gnoll.
The gnoll is severely wounded.
The gnoll hits you with a +0 flail. The gnoll hits you but does no damage.
You are poisoned.
You closely miss the gnoll.
The gnoll is severely wounded.
You feel very sick. The gnoll hits you but does no damage.
You block the gnoll's attack.
You sock the gnoll!
You kill the gnoll!
You feel sick. The gnoll misses you. The gnoll hits you with a +0 flail.
You closely miss the gnoll.
You feel sick. The gnoll hits you with a +0 flail.
* * * LOW HITPOINT WARNING * * *
You barely miss the gnoll.
You feel sick. You block the gnoll's attack.
You barely miss the gnoll. You headbutt the gnoll!
The gnoll is severely wounded.
You feel sick. The gnoll hits you with a +0 flail!
You die...

.# #..# ## #..# #..#
#..# #############..###
.........>..))...#
#############..#.#######
.......<.)......#
#########@#####.
.......g# #######.# ###


You could see a gnoll.

Vanquished Creatures
  Jessica (D:2)
  3 gnolls (D:2)
  2 adders (D:2)
  2 worms (D:2)
  A dart slug (D:1)
  3 bats
  5 endoplasms
  A giant cockroach (D:2)
  5 goblins
  3 hobgoblins
  3 kobolds
  6 ball pythons
  4 frilled lizards
  2 rats
41 creatures vanquished.

Notes
Turn   | Place    | Note
-------+----------+-------------------------------------------
     0 | D:1      | mcbry74 the Minotaur Fighter began the quest for the Orb.
     0 | D:1      | Reached XP level 1. HP: 19/19 MP: 0/0
   232 | D:1      | Reached XP level 2. HP: 27/27 MP: 1/1
   608 | D:1      | Reached skill level 3 in Maces & Flails
   702 | D:2      | Reached XP level 3. HP: 33/33 MP: 2/2
  1010 | D:2      | Noticed Jessica
  1020 | D:2      | Killed Jessica
  1021 | D:2      | Reached skill level 4 in Maces & Flails
  1021 | D:2      | Reached XP level 4. HP: 37/40 MP: 3/3
  1289 | D:2      | Found a faded altar of an unknown god.
  1324 | D:2      | Reached skill level 5 in Maces & Flails
  1339 | D:2      | Slain by a gnoll

Illustrated notes

Levels and vault maps discovered:
D:1:      minmay_arrival_up_and_down, layout_loops_cross, serial_park_tiny_1
D:2:      layout_basic, basic_ecumenical_altar, minmay_pentomino_q2,
          uniq_jessica

Skill      XL: |  1  2  3  4 |
---------------+-------------+-----
Fighting       | 4 |  4.0
Armour         | 4 |  4.0
Shields        | 4 |  4.0
Maces & Flails | 3 4 5 |  5.3

Action                   |  1- 3 |  4- 6 || total
-------------------------+-------+-------++-------
Melee: Flail             |    55 |    21 ||    76
       Headbutt          |     6 |     5 ||    11
Armor: Scale mail        |    17 |     8 ||    25
Dodge: Dodged            |    17 |     9 ||    26
Block: Buckler           |     9 |     5 ||    14
